 Dungeon Crawl Stone Soup version 0.18-a0-1788-g92de1ac (webtiles) character file.

5 macross the Grasshopper (level 1, -1/17 HPs)
             Began as a Ghoul Warper on Apr 21, 2016.
             Slain by a giant cockroach (2 damage)
             ... on level 1 of the Dungeon.
             The game lasted 00:01:06 (216 turns).

macross the Grasshopper (Ghoul Warper)               Turns: 216, Time: 00:01:06

Health: -1/17      AC:  3    Str: 14    XL:     1   Next: 80%
Magic:  2/2        EV: 11    Int:  8    God:
Gold:   8          SH:  0    Dex:  8    Spells: 1 memorised, 2 levels left

rFire  . . .     SeeInvis .     a - +0 short sword
rCold  + . .     Gourm    .     b - +0 leather armour
rNeg   + + +     Faith    .     (no shield)
rPois  ∞         Spirit   .     (no helmet)
rElec  .         Dismiss  .     (no cloak)
rCorr  .         Reflect  .     (no gloves)
SustAt .         Harm     .     (no boots)
MR     .....                    (no amulet)
Stlth  +.........               (no ring)
                                (no ring)

@: rotting, not resistant to hostile enchantments, very unstealthy
A: rotting body, claws 1, carnivore 3, cold resistance 1, negative energy
resistance 3, slow regeneration 1, torment resistance, unbreathing
a: no special abilities


You were on level 1 of the Dungeon.
You were not hungry.

You visited 1 branch of the dungeon, and saw 1 of its levels.

You collected 8 gold pieces.

Inventory:

Hand Weapons
 a - a +0 short sword (weapon)
Missiles
 e - 5 tomahawks of dispersal (quivered)
Armour
 b - a +0 leather armour (worn)
Scrolls
 d - a scroll of blinking
 g - a scroll of identify {unknown}
Books
 c - a book of Spatial Translocations

   Spells                             Type                      Level
   a - Apportation                    Translocation                1
   b - Blink                          Translocation                2
   c - Shroud of Golubria             Charms/Translocation         2
   d - Portal Projectile              Translocation                3
   e - Teleport Other                 Translocation                3
   f - Passage of Golubria            Translocation                4
Comestibles
 f - a meat ration
 h - a royal jelly


   Skills:
 + Level 2.1 Fighting
 + Level 1.8 Short Blades
 + Level 1.0 Throwing
 + Level 0.8 Armour
 + Level 1.7 Dodging
 + Level 1.9 Spellcasting
 + Level 2.9 Translocations


You had 2 spell levels left.
You knew the following spells:

 Your Spells              Type           Power        Failure   Level  Hunger
a - Apportation           Tloc           #.........   17%         1    ##.....


Dungeon Overview and Level Annotations

Branches:
Dungeon (1/15)

Altars:


Innate Abilities, Weirdness & Mutations

Your body is rotting away.
You thrive on raw meat.
You are immune to poison.
You have sharp fingernails.
You are carnivorous and can eat meat at any time.
Your flesh is cold resistant.
You are immune to negative energy.
You regenerate slowly when monsters are visible.
You are immune to unholy pain and torment.
You can survive without breathing.


Message History

The giant cockroach barely misses you.
There is an open door here.
There isn't anything here!
You closely miss the giant cockroach.
The giant cockroach bites you but does no damage.
The giant cockroach barely misses you.
You hit the giant cockroach but do no damage.
The giant cockroach bites you but does no damage.
You hit the giant cockroach.
The giant cockroach is severely wounded.
The giant cockroach barely misses you.
You hit the giant cockroach but do no damage.
The giant cockroach is heavily wounded.
The giant cockroach closely misses you.
You hit the giant cockroach but do no damage.
The giant cockroach is heavily wounded.
The giant cockroach bites you.
* * * LOW HITPOINT WARNING * * *
The giant cockroach bites you.
You die...

#............ #..#.
#............ #..#.
$........... #..#.
#........... #....
#........... #.#.)
#........... # #.. .
#.†......... #..
....####.#s#+### ##.
.........†@....# #.
.......##......# #.##.
...............# #....
....##.#.......##########..
... #.#.#'#.#.............
.. #.#.#.#.#.#########... .
#.#.#.#.#.# ..#...
#!#.#.#.#.# #.#...
#.#.#.#.# #.#...


You could see a giant cockroach.

Vanquished Creatures
  2 hobgoblins (D:1)
  A bat (D:1)
  2 kobolds (D:1)
  A rat (D:1)
6 creatures vanquished.

Notes
Turn   | Place    | Note
--------------------------------------------------------------
     0 | D:1      | macross the Ghoul Warper began the quest for the Orb.
     0 | D:1      | Reached XP level 1. HP: 17/17 MP: 2/2
    47 | D:1      | Reached skill level 1 in Throwing
   216 | D:1      | Slain by a giant cockroach

Vault maps used:
D:1:      minmay_arrival_diagonal_passages, minmay_misc_feat_hallway,
          minmay_lizard_king

Skill      XL: |  1 |
---------------+----+-----
Throwing       | 1 |  1.0
Fighting       | |  2.1
Short Blades   | |  1.8
Armour         | |  0.8
Dodging        | |  1.7
Spellcasting   | |  1.9
Translocations | |  2.9

Action                   || total
-------------------------++-------
Melee: Short sword       ||    15
Armor: Leather armour    ||    21
Dodge: Dodged            ||    30
